 Dungeon Crawl Stone Soup version 0.30-a0-122-g2a1322497e (webtiles) character file.

Game seed: 7616883815063385293

49 BritishOli the Trooper (level 3, 0/29 HPs)
             Began as a Demonspawn Fighter on Sept 17, 2022.
             Slain by a gnoll
             ... wielding a +0 halberd
              (4 damage)
             ... on level 2 of the Dungeon.
             The game lasted 00:00:52 (1249 turns).

BritishOli the Trooper (Demonspawn Fighter)         Turns: 1249, Time: 00:00:53

Health: 0/29       AC:  6    Str: 18    XL:     3   Next: 53%
Magic:  3/3        EV:  9    Int:  9    God:
Gold:   123        SH: 10    Dex: 12    Spells: 2/2 levels left

rFire   . . .      SeeInvis .    a - +0 long sword
rCold   . . .      Faith    .    c - +0 buckler
rNeg    . . .      Spirit   .    b - +0 scale mail
rPois   .          Reflect  .    (no helmet)
rElec   .          Harm     .    (no cloak)
rCorr   .          Rampage  .    (no gloves)
Will    .....                    (no boots)
Stlth   ..........               (no amulet)
HPRegen 0.09/turn                i - +4 ring of slaying
MPRegen 0.08/turn                (no ring)

@: no status effects
A: large bone plates 2
a: no special abilities


You were on level 2 of the Dungeon.
You visited 1 branch of the dungeon, and saw 2 of its levels.

You collected 123 gold pieces.

Inventory:

Hand Weapons
 a - a +0 long sword (weapon)
Missiles
 j - a throwing net (quivered)
Armour
 b - a +0 scale mail (worn)
 c - a +0 buckler (worn)
Jewellery
 i - a +4 ring of slaying (left hand)
Scrolls
 g - a scroll of immolation {unknown}
 k - a scroll of identify {unknown}
 l - a scroll of teleportation {unknown}
Potions
 d - a potion of might
 e - a potion of attraction {unknown}
 f - 2 potions of mutation {unknown}
 h - a potion of flight {unknown}


   Skills:
 + Level 3.5 Fighting
 + Level 2.5 Long Blades
 - Level 3.0 Armour
 - Level 3.0 Shields


You had 2 spell levels left.
You didn't know any spells.
Your spell library was empty.

Dungeon Overview and Level Annotations

Branches:
Dungeon (2/15)

Altars:


Innate Abilities, Weirdness & Mutations

You are mostly covered in large bone plates. (SH +6)


Message History

a +0 club; a kobold corpse You see here a hobgoblin corpse.
Key pressed, stopping explore.
No target in view!
Found a faded altar of an unknown god.
No target in view!
A goblin comes into view. It is wielding a +0 club.
The goblin shouts!
A gnoll comes into view. It is wielding a +0 halberd.
The gnoll shouts!
There are monsters nearby!
There are monsters nearby! 2 gnolls come into view.
The gnoll shouts! x2
You see here a murky clear potion.
There are monsters nearby!
A gnoll comes into view. It is wielding a +0 whip.
The gnoll shouts!
The goblin hits you but does no damage. The gnoll closely misses you.
There are monsters nearby!
You hit the goblin.
You kill the goblin!
The gnoll hits you from afar with a +0 halberd!
There are monsters nearby!
The gnoll hits you with a +0 halberd.
There are monsters nearby!
There are monsters nearby!
You hit the gnoll.
The gnoll is moderately wounded.
The gnoll hits you with a +0 club. The gnoll hits you with a +0 halberd!
* * * LOW HITPOINT WARNING * * *
There are monsters nearby!
You are too injured to fight recklessly!
There are monsters nearby!
You are too injured to fight recklessly!
Unknown command.
You block the gnoll's attack. x2
The gnoll attacks as you move away! The gnoll completely misses you.
The gnoll hits you from afar with a +0 halberd.
You die...

#... .#
##..#####.#
.........##
#..#.#..⌠.#
#..#.._...#.
#####..g....∩...
.......ggg.......
########!........
##@##....# #.#
..## #.# .#
##.####.##
#........#
#######..######.
.........#
#.#####.##
#.######


You could see 4 gnolls.

Vanquished Creatures
  An adder (D:2)
  An adder zombie (D:2)
  4 bats
  2 endoplasms
  A giant cockroach (D:1)
  6 hobgoblins
  3 jackals (D:1)
  3 ball pythons (D:1)
  3 frilled lizards (D:1)
  3 goblins
  4 kobolds
  5 rats (D:1)
36 creatures vanquished.

Vanquished Creatures (others)
  2 withered plants (D:2)
2 creatures vanquished.

Grand Total: 38 creatures vanquished

Notes
Turn   | Place    | Note
-------+----------+-------------------------------------------
     0 | D:1      | BritishOli the Demonspawn Fighter began the quest for the
                  | Orb.
     0 | D:1      | Reached XP level 1. HP: 18/18 MP: 1/1
   209 | D:1      | Gained mutation: You are partially covered in large bone
                  | plates. (SH +4) [demonic ancestry]
   209 | D:1      | Reached XP level 2. HP: 10/24 MP: 2/2
   859 | D:1      | Gained mutation: You are mostly covered in large bone
                  | plates. (SH +6) [demonic ancestry]
   859 | D:1      | Reached XP level 3. HP: 29/29 MP: 3/3
  1238 | D:2      | Found a faded altar of an unknown god.
  1249 | D:2      | Slain by a gnoll

Illustrated notes

Levels and vault maps discovered:
D:1:      lemuel_arrival_river_ford, layout_basic
D:2:      minmay_evil_eye, layout_loops_ring,
          ebering_ecumenical_altar_abandoned, serial_undead, serial_undead_e,
          serial_undead_d, serial_undead_b, serial_undead_d

Skill      XL: |  1  2 |
---------------+-------+-----
Long Blades    | 2 |  2.5
Armour         | 3 |  3.0
Shields        | 3 |  3.0
Fighting       | |  3.5

Action                   || total
-------------------------++-------
Melee: Long sword        ||   104
Armor: Scale mail        ||    41
Dodge: Dodged            ||    44
Block: Buckler           ||    40

Table legend: (Time is in decaauts)
 A = Elapsed time spent in this place.
 B = Non-inter-level travel time spent in this place.
 C = Inter-level travel time spent in this place.
 D = Time resting spent in this place.
 E = Time spent auto-exploring this place.
 F = Levels seen in this place.
 G = Mean time per level.
                   A        B        C        D        E       F      G
               +--------+--------+--------+--------+--------+-----+--------+
         Total |   1289 |   1271 |     18 |      0 |   1054 |   2 |  644.5 |
       Dungeon |   1289 |   1271 |     18 |      0 |   1054 |   2 |  644.5 |
               +--------+--------+--------+--------+--------+-----+--------+

Top non-repeatable levels by time:
     D:1: 1091 daAuts
     D:2: 197 daAuts
